 Dungeon Crawl Stone Soup version 0.31.0-32-g396128a36d (webtiles) character file.

Game seed: 993252343151272094

2207 hawla the Arsonist (level 9, -2/45 HPs)
             Began as a Deep Elf Fire Elementalist on Apr 17, 2024.
             Killed from afar by a steam dragon (12 damage)
             ... with a ball of steam
             ... on level 7 of the Dungeon.
             The game lasted 00:12:25 (6052 turns).

hawla the Arsonist (Deep Elf Fire Elementalist)     Turns: 6052, Time: 00:12:26

Health: -2/45      AC:  8    Str:  5    XL:     9   Next: 13%
Magic:  25/25      EV: 12    Int: 25    God:
Gold:   0          SH:  0    Dex: 15    Spells: 8/15 levels left

rFire   . . .        f - +4 dagger (elec)
rCold   . . .        (no shield)
rNeg    . . .        q - +1 leather armour of Wuck {MP+9}
rPois   .            n - +0 helmet
rElec   .            s - +2 cloak
rCorr   .            (no gloves)
SInv    .            (no boots)
Will    .....        i - amulet of the acrobat
Stlth   ++           (no ring)
HPRegen 0.27/turn    (no ring)
MPRegen 0.19/turn

%: acrobat
@: no status effects
A: no striking features
a: no special abilities


You were on level 7 of the Dungeon.
You visited 1 branch of the dungeon, and saw 7 of its levels.

Inventory:

Hand Weapons
 f - a +4 dagger of electrocution (weapon)
Armour
 a - a +0 robe
 n - a +0 helmet (worn)
 q - the +1 leather armour of Wuck (worn) {MP+9}
   (You found it on level 3 of the Dungeon)

   MP+9:      It affects your magic capacity (+9).
 s - a +2 cloak (worn)
Jewellery
 i - an amulet of the acrobat (around neck)
Wands
 x - a wand of polymorph (3)
Scrolls
 c - 2 scrolls of poison
 l - 2 scrolls of enchant armour
 m - 3 scrolls of amnesia
 u - a scroll of fear {unknown}
 w - a scroll of fog {unknown}
 y - a scroll of blinking {unknown}
Potions
 b - a potion of magic
 e - 4 potions of curing
 h - 2 potions of might
 j - a potion of mutation {unknown}
 k - 2 potions of degeneration {unknown}
 o - a potion of berserk rage {unknown}
 p - 2 potions of attraction {unknown}
 r - 2 potions of cancellation {unknown}
 t - a potion of heal wounds {unknown}
 v - a potion of invisibility {unknown}


   Skills:
 - Level 3.1 Dodging
 - Level 3.3 Stealth
 - Level 3.6 Spellcasting
 - Level 2.1 Conjurations
 + Level 13.0 Fire Magic


You had 8 spell levels left.
You knew the following spells:

 Your Spells              Type           Power      Damage    Failure   Level
a - Foxfire               Conj/Fire      100%       2x1d9     1%          1
b - Scorch                Fire           100%       2d9       1%          2
c - Flame Wave            Conj/Fire      42%        2d11      7%          4

Your spell library contained the following spells:

 Spells                   Type           Power      Damage    Failure   Level
 Inner Flame              Hex/Fire       37%        N/A       3%          3
 Volatile Blastmotes      Fire/Tloc      74%        2d16      3%          3
 Summon Blazeheart Golem  Fire/Summ      37%        N/A       11%         4
 Frozen Ramparts          Ice            8%         1d2       43%         3
 Leda's Liquefaction      Alch/Erth      2%         N/A       83%         4
 Petrify                  Alch/Erth      4%         N/A       83%         4
 Metabolic Englaciation   Hex/Ice        2%         N/A       99%         5
 Orb of Destruction       Conj           7%         9d6       100%        7
 Spellforged Servitor     Conj/Summ      4%         N/A       100%        7


Dungeon Overview and Level Annotations

Branches:
Dungeon (7/15)
 Temple: D:4-7

Altars:
Ashenzari
Cheibriados
Elyvilon
Sif Muna
Xom

Shops:
D:3 :

Annotations:
D:6 1 runed translucent door, yey's ghost, novice FeBe


Message History

Reactivating autopickup.
You feel a bit more experienced.
Your Fire Magic skill increases to level 13!
You have reached level 9!
Your experience leads to an increase in your attributes!
Increase (S)trength, (I)ntelligence, or (D)exterity?
You feel clever. x2
As you read the scroll of teleportation, it crumbles to dust.
You feel strangely unstable.
You see here 11 gold pieces.
Your surroundings suddenly seem different.
Found 12 gold pieces.
The steam dragon hisses angrily.
Casting: Scorch (safe; 1% risk of failure)
Confirm with . or Enter, or press ? or * to list all spells.
You conjure some foxfire!
Casting: Foxfire (safe; 1% risk of failure)
Confirm with . or Enter, or press ? or * to list all spells.
You conjure some foxfire!
The foxfire hits the steam dragon but does no damage. x2
The foxfire hits the steam dragon!
The steam dragon is moderately wounded.
The foxfire hits the steam dragon.
The steam dragon is moderately wounded.
The steam dragon barely misses you. The steam dragon completely misses you.
You hear a distant slurping noise.
You closely miss the steam dragon. Your punch misses the steam dragon.
The steam dragon is moderately wounded.
The steam dragon breathes steam at you. The ball of steam hits you!
* * * LOW HITPOINT WARNING * * *
The steam dragon misses you. The steam dragon barely misses you.
You feel better. The steam dragon bites you.
* * * LOW HITPOINT WARNING * * *
The steam dragon claws you.
* * * LOW HITPOINT WARNING * * *
Magic courses through your body. The steam dragon breathes steam at you.
The ball of steam hits you!
You die...

. ..## ....#
############
.....####..........#
#...§(§)........#.
##..D§.§§...§....#. #
#...§@§$....§..§.#.###
.............§...§......
.................§..<...
......................?.
###................#....
≈............######...<
≈≈≈..$.....#### #....
##≈≈.....#.. ........
####....


You could see a steam dragon (catching breath).

Vanquished Creatures
  Maurice (D:7)
  The ghost of panicmichael the Magician, a novice SpAl (D:4)
  2 black bears
  An ice beast (D:6)
  An ogre (D:5)
  2 phantoms (D:4)
  A kobold brigand (D:6)
  A scorpion (D:5)
  5 killer bees (D:7)
  A howler monkey (D:6)
  A hound (D:4)
  A jelly (D:7)
  4 orc priests
  Crazy Yiuf (D:5)
  Natasha (thrice) (D:2)
  Terence (D:2)
  2 iguanas
  5 orc wizards
  Robin (D:2)
  9 gnolls
  3 adders
  A ribbon worm (D:2)
  3 dart slugs
  26 orcs
  5 bats
  5 endoplasms
  A giant cockroach (D:1)
  19 goblins
  10 hobgoblins
  6 jackals
  12 kobolds
  5 quokkas
  10 ball pythons
  4 frilled lizards
  9 rats
163 creatures vanquished.

Vanquished Creatures (others)
  352 foxfires
352 creatures vanquished.

Grand Total: 515 creatures vanquished

Notes
Turn   | Place    | Note
-------+----------+-------------------------------------------
     0 | D:1      | hawla the Deep Elf Fire Elementalist began the quest for
                  | the Orb.
     0 | D:1      | Reached XP level 1. HP: 10/10 MP: 6/6
   246 | D:1      | Reached XP level 2. HP: 15/15 MP: 5/8
   250 | D:1      | Learned a level 2 spell: Scorch
   716 | D:1      | Reached XP level 3. HP: 19/19 MP: 6/9
  1152 | D:2      | Found a shimmering altar of Xom.
  1312 | D:2      | Noticed Natasha
  1320 | D:2      | Killed Natasha
  1321 | D:2      | Reached XP level 4. HP: 24/24 MP: 5/11
  1326 | D:2      | Learned a level 4 spell: Flame Wave
  1372 | D:2      | Noticed Natasha
  1376 | D:2      | Killed Natasha
  1377 | D:2      | Reached skill level 4 in Fire Magic
  1386 | D:2      | Noticed Robin
  1396 | D:2      | Killed Robin
  1560 | D:2      | Noticed Natasha
  1565 | D:2      | Killed Natasha
  1566 | D:2      | Reached skill level 5 in Fire Magic
  1566 | D:2      | Reached XP level 5. HP: 28/28 MP: 5/12
  1779 | D:2      | Noticed Terence
  1784 | D:2      | Killed Terence
  1979 | D:3      | Found Mialyadd's Book Shoppe.
  2090 | D:3      | Reached skill level 6 in Fire Magic
  2095 | D:3      | Reached XP level 6. HP: 26/32 MP: 1/13
  2549 | D:3      | Found a shimmering blue altar of Sif Muna.
  2718 | D:3      | Identified the +1 leather armour of Wuck {MP+9}
  3034 | D:4      | Reached skill level 7 in Fire Magic
  3037 | D:4      | Reached XP level 7. HP: 36/36 MP: 9/14
  3259 | D:4      | Reached skill level 8 in Fire Magic
  3353 | D:4      | Found a runed translucent door.
  3354 | D:4      | Noticed panicmichael's ghost (novice SpAl)
  3601 | D:4      | Killed panicmichael's ghost
  3602 | D:4      | Reached skill level 9 in Fire Magic
  3903 | D:5      | Entered Level 5 of the Dungeon
  4113 | D:5      | Reached skill level 10 in Fire Magic
  4113 | D:5      | Reached XP level 8. HP: 41/41 MP: 15/15
  4143 | D:5      | Found a shimmering altar of Xom.
  4504 | D:5      | Found a snail-covered altar of Cheibriados.
  4881 | D:5      | Found a runed translucent door.
  4882 | D:5      | Noticed Crazy Yiuf
  5049 | D:5      | Killed Crazy Yiuf
  5174 | D:6      | Noticed yey's ghost (novice FeBe)
  5177 | D:6      | Found a runed translucent door.
  5252 | D:6      | Reached skill level 11 in Fire Magic
  5688 | D:6      | Found a white marble altar of Elyvilon.
  5828 | D:7      | Reached skill level 12 in Fire Magic
  5830 | D:7      | Noticed Maurice
  5834 | D:7      | Maurice stole a ring of fire
  5835 | D:7      | Maurice stole 351 gold
  5982 | D:7      | Found a broken altar of Ashenzari.
  6039 | D:7      | Noticed a hornet
  6040 | D:7      | Killed Maurice
  6041 | D:7      | Reached skill level 13 in Fire Magic
  6041 | D:7      | Reached XP level 9. HP: 20/45 MP: 1/16
  6052 | D:7      | Killed from afar by a steam dragon

Illustrated notes

Levels and vault maps discovered:
D:1:      scummos_arrival_star, layout_loops_ring, grunt_decor_resistance,
          minmay_pentomino_r2
D:2:      layout_rooms, basic_altar, uniq_terence, uniq_natasha, uniq_robin
D:3:      layout_basic, mainiacjoe_overflow_alcove_2, serial_shops, shop
D:4:      layout_gridville, ebering_ghost_inner_flame
D:5:      layout_cave_pods, mainiacjoe_overflow_24_doors,
          brannock_xom_greatest_gift, fountainhead, kennysheep_generic_room_16,
          uniq_crazy_yiuf_cottage
D:6:      layout_cave_pools, mainiacjoe_overflow_surrounded_room,
          hellmonk_ghost_happy_afterlife
D:7:      layout_rooms, old_standard_altar, minmay_temple_entry_mist,
          water_boxes_lemuel, uniq_maurice

Skill      XL: |  1  2  3  4  5  6  7  8 |
---------------+-------------------------+-----
Stealth        | 3 |  3.3
Dodging        | 3 |  3.1
Conjurations   | 2 |  2.1
Fire Magic     | 5 6 7 10 13 | 13.0
Spellcasting   | |  3.6

Action                     |  1- 3 |  4- 6 |  7- 9 || total
---------------------------+-------+-------+-------++-------
  Melee: Unarmed           |     2 |       |       ||     2
         Dagger            |     2 |    19 |     8 ||    29
   Cast: Foxfire           |    43 |    64 |    91 ||   198
         Scorch            |    12 |    28 |    29 ||    69
         Flame Wave        |       |     1 |    10 ||    11
  Evoke: Wand              |       |       |     1 ||     1
    Use: Scroll            |     3 |       |     8 ||    11
         Potion            |       |     2 |     2 ||     4
 Armour: Robe              |     3 |    18 |       ||    21
         Leather armour    |       |       |    37 ||    37
  Dodge: Dodged            |     9 |    24 |    49 ||    82
